 Dungeon Crawl Stone Soup version 0.22.0-49-gab54619 (webtiles) character file.

973 Lew the Shield-Bearer (level 8, -2/49 HPs)
             Began as a Gargoyle Fighter on Sept 3, 2018.
             Splashed by Ijyb's acid (8 damage)
             ... on level 5 of the Dungeon.
             The game lasted 00:06:32 (4523 turns).

Lew the Shield-Bearer (Gargoyle Fighter)            Turns: 4523, Time: 00:06:37

Health: -2/49      AC: 16    Str: 20    XL:     8   Next: 16%
Magic:  8/8        EV:  5    Int:  9    God:
Gold:   201        SH: 14    Dex: 11    Spells: 7/7 levels left

rFire    . . .     SeeInvis .   a - +0 flail
rCold    . . .     Gourm    .   c - +4 shield
rNeg     + . .     Faith    .   h - +0 chain mail
rPois    ∞         Spirit   .   (no helmet)
rElec    +         Reflect  .   (no cloak)
rCorr    .         Harm     .   (no gloves)
MR       .....                  n - +0 pair of boots
Stlth    +.........             (no amulet)
HPRegen  0.16/turn              g - ring of stealth
MPRegen  0.11/turn              (no ring)

@: no status effects
A: negative energy resistance 1, electricity resistance, unbreathing,
petrification resistance, rot immunity, AC +5
a: no special abilities


You were on level 5 of the Dungeon.
You were not hungry.

You visited 1 branch of the dungeon, and saw 5 of its levels.

You collected 201 gold pieces.

Inventory:

Hand Weapons
 a - a +0 flail (weapon)
Armour
 c - a +4 shield (worn)
 h - a +0 chain mail (worn)
 n - a +0 pair of boots (worn)
Jewellery
 g - a ring of stealth (left hand)
Scrolls
 i - a scroll of remove curse
 m - 2 scrolls of amnesia
Potions
 b - a potion of lignification
 d - a potion of might
 e - a potion of ambrosia {unknown}
 j - 2 potions of heal wounds
 k - 2 potions of curing
Comestibles
 f - 11 rations


   Skills:
 - Level 5.0 Fighting
 + Level 4.5 Maces & Flails
 + Level 5.6 Armour
 + Level 4.7 Stealth
 + Level 5.7 Shields


You had 7 spell levels left.
You didn't know any spells.
Your spell library contained the following spells:

 Spells                   Type           Power        Failure   Level  Hunger
 Confusing Touch          Hex            #.....       100%        1    ##.....
 Confuse                  Hex            #.......     100%        3    ####...
 Gell's Gravitas          Tloc           #.........   100%        3    ####...
 Petrify                  Tmut/Erth      #.......     100%        4    #####..
 Metabolic Englaciation   Hex/Ice        #.........   100%        5    ######.
 Yara's Violent Unravell  Hex/Tmut       #.........   100%        5    ######.


Dungeon Overview and Level Annotations

Branches:
Dungeon (5/15)
 Temple: D:4-7

Altars:
Dithmenos
Fedhas
Hepliaklqana
Wu Jian
Yredelemnul

Annotations:
D:5 Ijyb


Innate Abilities, Weirdness & Mutations

You are resistant to torment.
Your stone body is resilient. (AC +5)
You are immune to poison.
You resist negative energy. (rN+)
You are resistant to electric shocks. (rElec)
You can survive without breathing.
You are immune to petrification.
You are immune to rotting.


Message History

The hound skeleton is heavily damaged.
The hound skeleton bites you but does no damage. x2
You sock the hound skeleton!
You destroy the hound skeleton!
Ijyb zaps a wand.
The bolt of acid hits the orc.
The orc is splashed with acid.
The orc dies!
The bolt of acid hits you!
You are splashed with acid!
The acid burns!
* * * LOW HITPOINT WARNING * * *
It is a wand of acid (5).
Things that are here:
a club x2; a giant spiked club Your chain mail prevents you from hitting Ijyb.
You block Ijyb's attack.
Your shield prevents you from hitting Ijyb.
Ijyb hits you.
* * * LOW HITPOINT WARNING * * *
Ijyb zaps a wand.
The bolt of acid hits you!
* * * LOW HITPOINT WARNING * * *
You are splashed with acid!
The acid burns!
You die...

#.# #.....###.# #.#
####...<..# #.#
#..##### #.# #..#
#..# #..# ..# #..#
...?.##########..###
......g@.?.........#
.##..##########..#.#
# .........#.#####
######...#......
#...####### #...#
#..<# .....# ###..##


You could see Ijyb.

Vanquished Creatures
  A phantom (D:5)
  3 ogres
  3 scorpions
  A gnoll shaman (D:4)
  An iguana (D:5)
  Jessica (D:2)
  An orc wizard (D:4)
  2 worker ants (D:2)
  A hound skeleton (D:5)
  5 adders
  7 gnolls (D:4)
  6 river rats (D:4)
  2 oozes (D:1)
  5 worms
  6 leopard geckos
  8 orcs
  3 giant cockroaches
  10 hobgoblins
  2 jackals (D:1)
  A quokka (D:4)
  2 ball pythons
  A ball python skeleton (D:4)
  8 bats
  A frilled lizard (D:1)
  A giant cockroach zombie (D:5)
  7 goblins
  6 kobolds
  26 rats
121 creatures vanquished.

Vanquished Creatures (others)
  An orc wizard (D:4)
  An orc (D:5)
2 creatures vanquished.

Grand Total: 123 creatures vanquished

Notes
Turn   | Place    | Note
-------+----------+-------------------------------------------
     0 | D:1      | Lew the Gargoyle Fighter began the quest for the Orb.
     0 | D:1      | Reached XP level 1. HP: 14/14 MP: 1/1
   144 | D:1      | Reached XP level 2. HP: 13/19 MP: 2/2
   544 | D:1      | Reached skill level 1 in Stealth
   806 | D:1      | Reached XP level 3. HP: 19/23 MP: 3/3
  1293 | D:2      | Reached XP level 4. HP: 27/29 MP: 4/4
  1305 | D:2      | Noticed Jessica
  1312 | D:2      | Killed Jessica
  1325 | D:2      | Found an ornate altar of the Wu Jian Council.
  1428 | D:2      | Reached XP level 5. HP: 33/33 MP: 5/5
  1561 | D:2      | Found a basalt altar of Yredelemnul.
  2022 | D:3      | Found a shadowy altar of Dithmenos.
  2669 | D:4      | Found a blossoming altar of Fedhas.
  2756 | D:4      | Reached XP level 6. HP: 34/38 MP: 6/6
  2977 | D:4      | Reached XP level 7. HP: 23/44 MP: 7/7
  3279 | D:4      | Reached skill level 5 in Shields
  3777 | D:4      | Reached skill level 5 in Armour
  3981 | D:5      | Entered Level 5 of the Dungeon
  3998 | D:5      | Reached skill level 5 in Fighting
  4123 | D:5      | Found a hazy altar of Hepliaklqana.
  4346 | D:5      | Reached XP level 8. HP: 27/49 MP: 8/8
  4513 | D:5      | Noticed Ijyb
  4523 | D:5      | Splashed by Ijyb's acid

Skill      XL: |  1  2  3  4  5  6  7 |
---------------+----------------------+-----
Stealth        | 1 2 3 4 |  4.7
Shields        | 4 5 |  5.7
Fighting       | 4 5 |  5.0
Armour         | 4 5 |  5.6
Maces & Flails | 3 4 |  4.5

Action                   |  1- 3 |  4- 6 |  7- 9 || total
-------------------------+-------+-------+-------++-------
Melee: Flail             |   156 |   255 |   208 ||   619
  Use: Scroll            |     3 |     8 |     2 ||    13
       Potion            |     1 |     2 |       ||     3
 Stab: Sleeping          |       |     2 |     1 ||     3
  Eat: Chunk             |     1 |     3 |     2 ||     6
       Ration            |       |     1 |     1 ||     2
Armor: Scale mail        |   101 |   131 |    54 ||   286
       Chain mail        |       |       |    29 ||    29
Dodge: Dodged            |    57 |    81 |    35 ||   173
Block: Shield            |    84 |   182 |   102 ||   368
